 Dungeon Crawl Stone Soup version 0.25.1-9-gc5326a611f (webtiles) character file.

Game seed: 18407107057270116113

92726 pokeman the Sorcerer (level 15, -21/85 HPs)
             Began as a Deep Elf Wizard on Dec 29, 2020.
             Was the Champion of Vehumet.
             Demolished by an orc warrior
             ... wielding a +0 glaive
             ... led by an orc warlord
              (23 damage)
             ... on level 1 of the Orcish Mines on Dec 30, 2020.
             The game lasted 02:01:33 (35027 turns).

pokeman the Sorcerer (Deep Elf Wizard)             Turns: 35027, Time: 02:01:34

Health: -21/85     AC: 14    Str:  7    XL:     15   Next: 58%
Magic:  32/42      EV: 12    Int: 30    God:    Vehumet [******]
Gold:   1793       SH:  5    Dex: 13    Spells: 21/56 levels left

rFire    . . .     SeeInvis .   C - +7 dagger of the Old World {drain, rC+}
rCold    + + .     Gourm    .   L - +0 buckler
rNeg     . . .     Faith    +   N - +0 acid dragon scales
rPois    .         Spirit   .   j - +0 helmet
rElec    .         Reflect  .   Q - +0 cloak
rCorr    +         Harm     .   q - +1 pair of gloves {Str+3}
MR       +....                  p - +0 pair of boots
Stlth    +++.......             J - amulet of faith
HPRegen  0.24/turn              V - ring of stealth
MPRegen  0.28/turn              F - ring of protection from cold

@: no status effects
A: no striking features
a: Renounce Religion


You were on level 1 of the Orcish Mines.
You worshipped Vehumet.
Vehumet was exalted by your worship.
You were not hungry.

You visited 5 branches of the dungeon, and saw 24 of its levels.
You also visited: Sewer.

You collected 1823 gold pieces.
You spent 30 gold pieces at shops.

Inventory:

Hand Weapons
 a - a +0 longbow
 o - a +0 vorpal shortbow
 C - the +7 dagger of the Old World (weapon) {drain, rC+}
   (You found it on level 4 of the Dungeon)

   A truly terrible weapon, it drains the life of those it strikes.
   It protects you from cold.
 T - a +0 hand crossbow
Missiles
 g - 171 bolts
Armour
 j - a +0 helmet (worn)
 p - a +0 pair of boots (worn)
 q - a +1 pair of gloves of strength (worn)
 r - a +0 troll leather armour
 L - a +0 buckler (worn)
 N - +0 acid dragon scales (worn)
 Q - a +0 cloak (worn)
 R - the +0 leather armour "Nepueng" {Harm rElec rF+++ Int-2}
   (You found it on level 12 of the Dungeon)

   It affects your intelligence (-2).
   It renders you almost immune to fire.
   It insulates you from electricity.
   It increases damage dealt and taken.
Jewellery
 w - an uncursed amulet of magic regeneration {unknown}
 F - a ring of protection from cold (right hand)
 J - an amulet of faith (around neck)
 V - a ring of stealth (left hand)
 W - an uncursed amulet of regeneration {unknown}
Wands
 f - a wand of iceblast (6)
 u - a wand of digging (9)
 y - a wand of enslavement (9)
 K - a wand of acid (48)
Scrolls
 k - 12 scrolls of teleportation {unknown}
 l - 3 scrolls of enchant weapon {unknown}
 m - 7 scrolls of amnesia {unknown}
 t - 4 scrolls of blinking {unknown}
 A - 2 scrolls of immolation {unknown}
 B - 4 scrolls of enchant armour {unknown}
 D - 5 scrolls of magic mapping
 I - 6 scrolls of remove curse
Potions
 b - 2 potions of magic
 e - a potion of brilliance
 h - a potion of ambrosia
 i - 3 potions of haste
 n - 12 potions of curing
 s - 4 potions of heal wounds {unknown}
 x - 4 potions of mutation {unknown}
 M - 2 potions of invisibility {unknown}
 O - 2 potions of might {unknown}
Miscellaneous
 c - 2 boxes of beasts
 v - a tin of tremorstones (3/3)
 S - a lightning rod (4/4)
Comestibles
 d - 40 rations


   Skills:
 + Level 6.7 Fighting
 - Level 7.0 Armour
 - Level 3.2 Dodging
 - Level 3.0 Stealth
 - Level 4.0 Shields
 * Level 21.2 Spellcasting
 + Level 13.4 Conjurations
 - Level 1.1 Summonings
 - Level 1.1 Translocations
 + Level 13.6 Fire Magic
 - Level 1.0 Ice Magic
 - Level 1.0 Air Magic
 - Level 1.0 Earth Magic
 - Level 1.0 Poison Magic
 - Level 1.0 Evocations


You had 21 spell levels left.
You knew the following spells:

 Your Spells              Type           Power        Failure   Level  Hunger
a - Magic Dart            Conj           ####         0%          1    None
b - Mephitic Cloud        Conj/Pois/Air  ######..     1%          3    None
c - Call Imp              Summ           #####...     1%          2    None
d - Blink                 Tloc           N/A          1%          2    None
e - Conjure Flame         Conj/Fire      #######.     0%          3    None
f - Foxfire               Conj/Fire      ####         0%          1    None
g - Apportation           Tloc           #####.       1%          1    None
h - Stone Arrow           Conj/Erth      ######       1%          3    None
i - Freezing Cloud        Conj/Ice/Air   ######....   10%         6    None
j - Orb of Destruction    Conj           #######...   1%          7    ###....
k - Starburst             Conj/Fire      #######...   1%          6    None

Your spell library contained the following spells:

 Spells                   Type           Power        Failure   Level  Hunger
 Fireball                 Conj/Fire      #######...   1%          5    None
 Animate Skeleton         Necr           N/A          1%          1    None
 Corona                   Hex            ####...      1%          1    None
 Infusion                 Chrm           ####         1%          1    None
 Pain                     Necr           ####         1%          1    None
 Summon Small Mammal      Summ           ####         1%          1    None
 Bolt of Magma            Conj/Fire/Erth ######....   1%          5    None
 Ensorcelled Hibernation  Hex/Ice        ####..       2%          2    None
 Shroud of Golubria       Chrm/Tloc      #####.       2%          2    None
 Slow                     Hex            ####....     2%          2    None
 Song of Slaying          Chrm           ####....     2%          2    None
 Ozocubu's Armour         Chrm/Ice       ####....     4%          3    None
 Summon Guardian Golem    Hex/Summ       #####...     4%          3    None
 Iron Shot                Conj/Erth      ######....   4%          6    None
 Spectral Weapon          Hex/Chrm       ####....     5%          3    None
 Vampiric Draining        Necr           ####......   5%          3    None
 Leda's Liquefaction      Hex/Erth       ####......   16%         4    None
 Animate Dead             Necr           N/A          19%         4    None
 Spellforged Servitor     Conj/Summ      ######....   21%         7    ###....
 Aura of Abjuration       Summ           #####.....   32%         5    None
 Summon Forest            Summ/Tloc      #####.....   32%         5    None
 Borgnjor's Vile Clutch   Necr/Erth      ####......   38%         5    None
 Silence                  Hex/Air        ####......   38%         5    None
 Agony                    Necr           ####....     45%         5    None
 Shadow Creatures         Summ           N/A          87%         6    None
 Statue Form              Tmut/Erth      ####.....    93%         6    None
 Darkness                 Hex            ####......   96%         6    None
 Shatter                  Erth           #####.....   100%        9    ######.


Dungeon Overview and Level Annotations

Branches:
Dungeon (15/15)            Temple (1/1) D:4            Lair (6/6) D:9
  Swamp (0/4) Lair:2       Spider (0/4) Lair:3        Slime (1/5) Lair:5
    Orc (1/2) D:9          Vaults (0/5) D:13         Depths (0/5) D:15
  Sewer (visited)

Altars:
Ashenzari
Cheibriados
Dithmenos
Fedhas
Gozag
Hepliaklqana
Kikubaaqudgha
Makhleb
Nemelex Xobeh
Okawaru
Qazlal
Ru
Sif Muna
Trog
Uskayaw
Vehumet
Wu Jian
Xom
Yredelemnul
Zin
The Shining One
Beogh

Shops:
D:7 [   D:10 }   D:12 =


Message History

The ball explodes into a vile cloud!
The stinking cloud engulfs the orc warrior but does no damage.
The stinking cloud engulfs the orc but does no damage.
You hear a shout! x2
The orc warrior is engulfed in noxious fumes.
The orc warrior appears confused.
Unknown command.
Unknown command.
Unknown command.
The stone giant throws a large rock.
The large rock hits you!!!
* * * LOW HITPOINT WARNING * * *
The orc warrior is engulfed in noxious fumes.
The orc warrior appears confused.
The orc warrior closely misses you. The orc hits you but does no damage.
Found 17 gold pieces.
You see here a large rock.
The orc warrior is engulfed in noxious fumes.
The orc warrior appears confused.
The orc warrior hits you with a +0 glaive!!
You die...

............
..........#$
...........
...>......##
....#......#
.........^##
#.#.....§#.##
.......@☼☼○)#
.......(o(☼<##
...$....o#†))#
.........##).#
##......C#.)....
#....#.#..).#..#
#......#...######
##.#..# ..# .....
..#


You could see a stone giant, an orc warrior (strong, confused) and an orc
(strong).

Vanquished Creatures
  Gastronok (Lair:2)
  Kirke (D:13)
  An orc warlord (Orc:1)
  Snorg (D:11)
  A fire dragon (Lair:6)
  4 vault guards (D:13)
  9 hydras
  3 centaur warriors
  A two-headed ogre (shapeshifter) (D:15)
  A death yak (Lair:4)
  A catoblepas (D:13)
  7 two-headed ogres
  3 death knights
  Nergalle (D:10)
  3 unseen horrors
  9 skeletal warriors
  An unseen horror (shapeshifter) (D:14)
  The ghost of Morp the Arsonist, a novice DrFE of Sif Muna (D:7)
  A glowing orange brain (D:15)
  A swamp dragon (shapeshifter) (D:13)
  A glowing orange brain (shapeshifter) (D:15)
  A lindwurm (Lair:6)
  A phantasmal warrior (D:13)
  An orb spider (shapeshifter) (D:13)
  3 oklob plants
  11 ugly things
  3 manticores
  7 elephants (Lair:5)
  Maurice (D:8)
  3 cyclopes
  5 centaur zombies
  An eye of devastation (Lair:5)
  2 torpor snails (Lair:6)
  7 black mambas
  4 spiny frogs
  3 molten gargoyles (Lair:6)
  Maggie (D:7)
  5 gargoyles
  3 rime drakes (Lair:4)
  An efreet (D:13)
  9 komodo dragons
  A yaktaur (D:15)
  3 meliai (Lair:6)
  2 tengu conjurers
  A polar bear (shapeshifter) (D:15)
  3 jumping spiders (Lair:3)
  10 trolls
  A queen bee (Lair:6)
  A hornet (D:12)
  Grinder (D:4)
  A polar bear (Lair:6)
  9 hippogriffs
  4 blink frogs (Lair:2)
  5 slime creatures (D:15)
  2 dream sheep (Lair:6)
  2 redbacks (Lair:3)
  41 yaks
  5 basilisks
  4 wyverns
  2 wraiths
  6 hogs (D:13)
  2 vampire mosquitoes (D:12)
  4 hungry ghosts
  4 steam dragons
  2 wargs (D:9)
  2 soldier ants
  11 water moccasins
  4 hell hounds (Lair:6)
  7 porcupines
  A phantom (D:6)
  6 ice beasts
  16 orc warriors
  A sky beast (D:7)
  5 black bears
  An eye of draining (Lair:5)
  2 necrophages
  34 wolves
  10 ogres
  6 centaurs
  3 big kobolds
  12 crocodiles
  21 bullfrogs
  5 gnoll sergeants (D:9)
  2 wyvern zombies
  A wyvern skeleton (D:12)
  7 scorpions
  27 killer bees
  11 wights
  4 howler monkeys
  4 crimson imps
  5 bullfrog zombies
  A quasit (D:14)
  3 jellies
  5 lava snakes (Lair:6)
  2 hounds
  20 orc wizards
  4 orc priests
  A gnoll shaman (D:7)
  5 bullfrog skeletons
  4 centaur skeletons
  2 iguanas
  9 worker ants
  2 killer bee zombies
  9 gnolls
  9 adders
  11 shadow imps
  An adder zombie (D:8)
  2 adder skeletons
  5 worms
  5 dart slugs
  4 leopard geckos
  62 orcs
  3 ball pythons
  10 giant cockroaches
  5 goblins
  6 hobgoblins
  6 jackals
  5 quokkas
  11 bats
  6 frilled lizards
  A jackal skeleton (D:3)
  24 kobolds
  14 rats
  A plant (Lair:3)
706 creatures vanquished.

Vanquished Creatures (collateral kills)
  2 yaks (D:10)
  A scorpion (D:12)
  4 killer bees (Lair:6)
  A crimson imp (D:10)
  An orc (D:12)
  A plant (Lair:4)
10 creatures vanquished.

Vanquished Creatures (others)
  1301 foxfires
  9 fungi
  9 plants
1319 creatures vanquished.

Grand Total: 2035 creatures vanquished

Notes
Turn   | Place    | Note
-------+----------+-------------------------------------------
     0 | D:1      | pokeman the Deep Elf Wizard began the quest for the Orb.
     0 | D:1      | Reached XP level 1. HP: 10/10 MP: 7/7
   241 | D:1      | Reached XP level 2. HP: 6/16 MP: 0/9
   762 | D:1      | Reached skill level 5 in Spellcasting
   832 | D:1      | Reached XP level 3. HP: 20/20 MP: 5/11
   837 | D:1      | Learned a level 3 spell: Mephitic Cloud
   842 | D:1      | Learned a level 2 spell: Call Imp
   845 | D:1      | Learned a level 2 spell: Blink
   849 | D:1      | Learned a level 3 spell: Conjure Flame
  1999 | D:2      | Reached skill level 1 in Fighting
  2221 | D:2      | Reached skill level 1 in Armour
  2225 | D:2      | Noticed an ice beast
  2336 | D:2      | Reached XP level 4. HP: 25/25 MP: 8/13
  3227 | D:3      | Found a glowing drain.
  3234 | Sewer    | Entered a sewer
  3639 | Sewer    | Noticed a big kobold
  3639 | Sewer    | Noticed a big kobold
  3647 | Sewer    | Killed a big kobold
  3647 | Sewer    | Reached skill level 6 in Spellcasting
  3647 | Sewer    | Reached skill level 1 in Fire Magic
  3647 | Sewer    | Reached XP level 5. HP: 24/29 MP: 10/15
  4037 | D:3      | Reached XP level 6. HP: 26/34 MP: 14/17
  4711 | D:4      | Got an ancient whip
  4712 | D:4      | Identified the +9 whip "Dragonslayer" {freeze, rElec rF+
                  | Str+4 Int-4} (You found it on level 4 of the Dungeon)
  4723 | D:4      | Reached skill level 1 in Air Magic
  4792 | D:4      | Reached skill level 7 in Spellcasting
  4969 | D:4      | Reached skill level 1 in Poison Magic
  5001 | D:4      | Noticed Grinder
  5003 | D:4      | Found a staircase to the Ecumenical Temple.
  5031 | D:4      | Paralysed by Grinder for 2 turns
  5047 | D:4      | Killed Grinder
  5047 | D:4      | Reached XP level 7. HP: 16/38 MP: 0/19
  5240 | Temple   | Entered the Ecumenical Temple
  5487 | D:4      | Got a steaming dagger
  5490 | D:4      | Identified the +7 dagger of the Old World {drain, rC+} (You
                  | found it on level 4 of the Dungeon)
  5674 | D:5      | Entered Level 5 of the Dungeon
  5976 | D:5      | Found a shadowy altar of Dithmenos.
  6284 | D:5      | Got a bone dagger
  6422 | D:5      | Reached skill level 8 in Spellcasting
  7036 | D:5      | Lost strength.
  7036 | D:5      | Identified the +9 dagger of Inference {vorpal, +Rage rElec
                  | rC+ Str-5} (You found it on level 5 of the Dungeon)
  7253 | D:6      | Reached skill level 1 in Evocations
  7253 | D:6      | Reached XP level 8. HP: 44/44 MP: 4/22
  7392 | D:6      | Reached skill level 1 in Shields
  7392 | D:6      | Reached skill level 5 in Fire Magic
  7655 | D:6      | Reached skill level 9 in Spellcasting
  8245 | D:6      | Reached skill level 5 in Conjurations
  8872 | D:7      | Found a runed translucent door.
  8876 | D:7      | Noticed Morp's ghost (novice DrFE)
  8878 | D:7      | Reached skill level 10 in Spellcasting
  8937 | D:7      | Killed Morp's ghost
  8937 | D:7      | Reached XP level 9. HP: 48/48 MP: 0/25
  9521 | D:7      | Found a radiant altar of Vehumet.
  9529 | D:7      | Became a worshipper of Vehumet
  9878 | D:7      | Reached skill level 11 in Spellcasting
  9987 | D:7      | Noticed Maggie
 10007 | D:7      | Killed Maggie
 10174 | D:7      | Found Gusonnav's Armour Emporium.
 11111 | D:8      | Reached * piety under Vehumet
 11111 | D:8      | Offered knowledge of Foxfire by Vehumet.
 11114 | D:8      | Learned a level 1 spell: Foxfire
 11116 | D:8      | Learned a level 1 spell: Apportation
 11202 | D:8      | Noticed Maurice
 11210 | D:8      | Killed Maurice
 11210 | D:8      | Reached skill level 12 in Spellcasting
 11210 | D:8      | Reached XP level 10. HP: 40/53 MP: 19/28
 12221 | D:9      | Noticed a two-headed ogre
 12235 | D:9      | Killed a two-headed ogre
 12408 | D:9      | Noticed a two-headed ogre
 12420 | D:9      | Killed a two-headed ogre
 12420 | D:9      | Reached skill level 13 in Spellcasting
 12627 | D:9      | Found a staircase to the Lair.
 12657 | D:9      | Offered knowledge of Sandblast by Vehumet.
 12831 | D:9      | Reached ** piety under Vehumet
 12955 | D:9      | Found a staircase to the Orcish Mines.
 13579 | D:10     | Entered Level 10 of the Dungeon
 13579 | D:10     | Found Kuujiedi's Gadget Emporium.
 13689 | D:10     | Noticed a two-headed ogre
 13702 | D:10     | Killed a two-headed ogre
 13702 | D:10     | Reached XP level 11. HP: 32/60 MP: 14/30
 13907 | D:10     | Offered knowledge of Stone Arrow by Vehumet.
 13912 | D:10     | Learned a level 3 spell: Stone Arrow
 13942 | D:10     | Noticed Nergalle
 13952 | D:10     | Killed Nergalle
 13952 | D:10     | Reached skill level 14 in Spellcasting
 14311 | D:10     | Found a roughly hewn altar of Beogh.
 14329 | D:10     | Reached *** piety under Vehumet
 14445 | D:10     | Offered knowledge of Iskenderun's Mystic Blast by Vehumet.
 14623 | D:10     | Reached skill level 1 in Earth Magic
 14703 | D:10     | Found an iron altar of Okawaru.
 15092 | D:11     | Noticed a skeletal warrior
 15655 | D:11     | Noticed Snorg
 15674 | D:11     | Killed Snorg
 15813 | D:11     | Noticed a purple ugly thing
 15832 | D:11     | Killed a purple ugly thing
 15832 | D:11     | Reached skill level 15 in Spellcasting
 15839 | D:11     | Noticed a two-headed ogre
 15844 | D:11     | Reached **** piety under Vehumet
 15875 | Lair:1   | Entered Level 1 of the Lair of Beasts
 16173 | Lair:1   | Noticed an eight-headed hydra
 16236 | Lair:1   | Killed an eight-headed hydra
 16370 | Lair:1   | Offered knowledge of Yara's Violent Unravelling by Vehumet.
 16455 | Lair:1   | Noticed a seven-headed hydra
 16899 | Lair:1   | Noticed a seven-headed hydra
 16914 | Lair:1   | Killed a seven-headed hydra
 16914 | Lair:1   | Reached XP level 12. HP: 61/65 MP: 21/33
 17222 | Lair:2   | Noticed a seven-headed hydra
 17242 | Lair:2   | Killed a seven-headed hydra
 17242 | Lair:2   | Reached skill level 10 in Fire Magic
 17538 | Lair:2   | Killed a seven-headed hydra
 17538 | Lair:2   | Reached skill level 16 in Spellcasting
 17827 | Lair:2   | Found a staircase to the Swamp.
 18044 | Lair:2   | Noticed Gastronok
 18071 | Lair:2   | Killed Gastronok
 18071 | Lair:2   | Reached skill level 10 in Conjurations
 18819 | Lair:3   | Found an ancient bone altar of Kikubaaqudgha.
 18826 | Lair:3   | Noticed an eight-headed hydra
 18837 | Lair:3   | Killed an eight-headed hydra
 19294 | Lair:3   | Found a hole to the Spider Nest.
 19299 | Lair:3   | Reached skill level 5 in Fighting
 19568 | Lair:4   | Reached skill level 17 in Spellcasting
 20609 | Lair:5   | Noticed a death yak
 20623 | Lair:4   | Reached XP level 13. HP: 56/72 MP: 33/36
 20728 | Lair:5   | Reached ***** piety under Vehumet
 21007 | Lair:4   | Offered knowledge of Freezing Cloud by Vehumet.
 21018 | Lair:4   | Learned a level 6 spell: Freezing Cloud
 21423 | Lair:5   | Reached skill level 1 in Ice Magic
 21621 | Lair:5   | Found a staircase to the Slime Pits.
 21957 | Lair:5   | Reached skill level 5 in Armour
 22534 | Lair:5   | Reached skill level 18 in Spellcasting
 23381 | Slime:1  | Entered Level 1 of the Pits of Slime
 23381 | Slime:1  | Noticed an azure jelly
 23381 | Slime:1  | Noticed an azure jelly
 23418 | Lair:6   | Entered Level 6 of the Lair of Beasts
 24149 | Lair:6   | Offered knowledge of Orb of Destruction by Vehumet.
 24158 | Lair:6   | Learned a level 7 spell: Orb of Destruction
 25231 | Lair:6   | Found a large runed translucent door.
 25540 | Lair:6   | Noticed a fire dragon
 25573 | Lair:6   | Reached XP level 14. HP: 78/78 MP: 25/38
 25774 | Lair:6   | Found a large runed translucent door.
 25848 | Lair:6   | Reached skill level 19 in Spellcasting
 27188 | D:11     | Offered knowledge of Starburst by Vehumet.
 27202 | D:11     | Learned a level 6 spell: Starburst
 27602 | D:12     | Identified the Catalogue of Calling
 28822 | D:12     | Got a pitted leather armour
 29146 | D:12     | Found Xolia's Jewellery Shop.
 29150 | D:12     | Bought a cursed amulet of inaccuracy for 30 gold pieces
 29680 | D:13     | Offered knowledge of Conjure Ball Lightning by Vehumet.
 29683 | D:13     | Reached skill level 20 in Spellcasting
 29696 | D:13     | Noticed Kirke
 30575 | D:13     | Found a gate to the Vaults.
 30590 | D:13     | Killed Kirke
 30590 | D:13     | Reached XP level 15. HP: 68/84 MP: 13/41
 31311 | D:14     | Got a pitted ring mail
 31352 | D:14     | Reached ****** piety under Vehumet
 31530 | D:14     | Identified a scroll of acquirement
 31682 | Temple   | Identified the +0 leather armour "Nepueng" {Harm rElec
                  | rF+++ Int-2} (You found it on level 12 of the Dungeon)
 31692 | Temple   | Identified the +2 ring mail of Theory {+Fly rPois Regen+
                  | Slay-6} (You found it on level 14 of the Dungeon)
 31723 | Temple   | Acquired 440 gold pieces
 32130 | D:14     | Found an ancient bone altar of Kikubaaqudgha.
 32821 | D:15     | Entered Level 15 of the Dungeon
 32830 | D:15     | Offered knowledge of Iskenderun's Battlesphere by Vehumet.
 33932 | D:15     | Reached skill level 21 in Spellcasting
 34473 | D:15     | Found a staircase to the Depths.
 35016 | Orc:1    | Entered Level 1 of the Orcish Mines
 35016 | Orc:1    | Noticed an orc warlord
 35019 | Orc:1    | Offered knowledge of Fireball by Vehumet.
 35021 | Orc:1    | Killed an orc warlord
 35026 | Orc:1    | HP: 2/85 [stone giant/large rock (38)]
 35027 | Orc:1    | Demolished by an orc warrior

Illustrated notes

Levels and vault maps discovered:
D:1:      dpeg_arrival_signposts, layout_loops_ring
D:2:      layout_rooms, first_ration
D:3:      layout_loops_cross, gup_sewer_entry_bubbles,
          minmay_misc_feat_enclosed, kennysheep_potato
D:4:      layout_cave_pools, minmay_temple_entry_arrows, uniq_grinder
D:5:      layout_layer_cave, basic_altar
D:6:      layout_layer_cave
D:7:      layout_loops_ring, lemuel_coloured_pillars_altar,
          ebering_ghost_reflecting_pool, serial_shops, shop, uniq_maggie
D:8:      layout_loops_ring, uniq_maurice
D:9:      layout_small_grid, erik_lair_orcish_takeover,
          kennysheep_orc_monster_closet_entryway, grunt_ogre_cave
D:10:     layout_loops_cross, special_room [special_room_orc], serial_shops,
          shop, okawaru_trees_2, uniq_nergalle
D:11:     layout_basic, chequers_serial_rivers_micro_a, minmay_strange_pillars,
          uniq_snorg
D:12:     minmay_the_grid_square_5x5_3x3
          [minmay_the_grid_square_5x5_three_small,
          minmay_the_grid_square_5x5_gyroscope,
          minmay_the_grid_square_5x5_longway,
          minmay_the_grid_square_5x5_checkered_sparse,
          minmay_the_grid_square_5x5_megaprize_crossed,
          minmay_the_grid_square_5x5_two_walls_a, minmay_the_grid_square_5x5_z,
          minmay_the_grid_square_5x5_n,
          minmay_the_grid_square_5x5_fancy_junction], layout_cave_pods,
          serial_shops, shop, minmay_misc_feat_plants
D:13:     layout_cave_pools, lightli_vaults_fourway_checkpoint, uniq_kirke
D:14:     layout_loops_ring, basic_altar, minmay_quadrilaterals
D:15:     gammafunk_enter_depths_forms, layout_loops_corners, chequers_avenue
Temple:   regret_index_temple_sigil_plot
Lair:1:   layout_loops_ring, grunt_megastairs_1
Lair:2:   layout_chaotic_city, swamp_mist, uniq_gastronok
Lair:3:   layout_regular_city, spider_nest_entry_funnel_web, basic_altar,
          infiniplex_staircase_pool, minmay_lair_oklob_chamber
Lair:4:   layout_roguey
Lair:5:   layout_layer_cave, minmay_slime_entry_eyes, serial_bayou_pond_d,
          grunt_forest_large_clearings, serial_bayou_shore_b, grunt_megastairs_4
Lair:6:   cheibrodos_lair_end_hotspot, layout_loops_ring, special_room
          [special_room_bee]
Slime:1:  layout_caves
Orc:1:    layout_caves, minmay_orc_temple_a

Skill      XL: |  1  2  3  4  5  6  7  8  9 10 11 12 13 14 15 |
---------------+----------------------------------------------+-----
Spellcasting   | 5 6 7 8 10 12 13 15 17 18 20 21 | 21.2
Fighting       | 1 2 3 5 6 |  6.7
Conjurations   | 2 3 4 5 6 8 9 10 11 12 13 | 13.4
Armour         | 1 3 4 6 7 |  7.0
Dodging        | 3 |  3.2
Fire Magic     | 1 4 6 7 8 9 11 12 13 | 13.6
Air Magic      | 1 |  1.0
Stealth        | 3 |  3.0
Poison Magic   | 1 |  1.0
Evocations     | 1 |  1.0
Shields        | 2 3 4 |  4.0
Earth Magic    | 1 |  1.0
Ice Magic      | 1 |  1.0
Summonings     | |  1.1
Translocations | |  1.1

Action                   |  1- 3 |  4- 6 |  7- 9 | 10-12 | 13-15 || total
-------------------------+-------+-------+-------+-------+-------++-------
Melee: Unarmed           |    20 |    10 |       |       |       ||    30
       Whip              |       |     2 |       |       |       ||     2
       Dagger            |       |       |    37 |   184 |   273 ||   494
Throw: Dart              |       |    12 |       |       |       ||    12
 Cast: Magic Dart        |   113 |   181 |   293 |    74 |    11 ||   672
       Conjure Flame     |       |     3 |    27 |    87 |    46 ||   163
       Mephitic Cloud    |       |     2 |    16 |    34 |    62 ||   114
       Call Imp          |       |     2 |    12 |    18 |    12 ||    44
       Blink             |       |       |     2 |     9 |     6 ||    17
       Foxfire           |       |       |       |   355 |   369 ||   724
       Stone Arrow       |       |       |       |    32 |   278 ||   310
       Freezing Cloud    |       |       |       |       |    44 ||    44
       Orb of Destructio |       |       |       |       |    37 ||    37
       Starburst         |       |       |       |       |    19 ||    19
Evoke: Wand              |       |       |       |       |     1 ||     1
  Use: Scroll            |       |       |     1 |     7 |    10 ||    18
 Stab: Confused          |       |       |     4 |    10 |    25 ||    39
       Sleeping          |       |       |       |     3 |     1 ||     4
       Distracted        |       |       |       |       |     1 ||     1
  Eat: Chunk             |     4 |     9 |    15 |    29 |    44 ||   101
       Ration            |       |       |     1 |       |     2 ||     3
Armor: Robe              |     5 |       |       |       |       ||     5
       Leather armour    |    12 |     3 |    14 |       |       ||    29
       Acid dragon scale |       |       |    17 |    67 |   172 ||   256
Dodge: Dodged            |    45 |    36 |    55 |   154 |   335 ||   625
Block: Buckler           |       |       |       |    32 |    91 ||   123
